 Dungeon Crawl Stone Soup version 0.22-a0-305-gd21a89c (webtiles) character file.

261 Amnesiac the Conjurer (level 5, -3/35 HPs)
             Began as a Mummy Conjurer on Mar 31, 2018.
             Was an Initiate of Sif Muna.
             Slain by a gnoll
             ... wielding a +0 club
              (4 damage)
             ... on level 4 of the Dungeon.
             The game lasted 00:05:03 (3543 turns).

Amnesiac the Conjurer (Mummy Conjurer)              Turns: 3543, Time: 00:05:03

Health: -3/35      AC:  4    Str: 12    XL:     5   Next: 96%
Magic:  1/12       EV:  6    Int: 18    God:    Sif Muna [......]
Gold:   222        SH:  0    Dex: 12    Spells: 6/14 levels left

rFire    x . .     SeeInvis .   e - +6 flail "Zuc Lyrgh" {crush, rN+ Int+3 Stlth-}
rCold    + . .     Gourm    .   (no shield)
rNeg     + + +     Faith    .   a - +0 robe
rPois    ∞         Spirit   .   g - +0 helmet
rElec    .         Reflect  .   (no cloak)
rCorr    .         Harm     .   j - +0 pair of gloves
MR       .....                  (no boots)
Stlth    +.........             (no amulet)
HPRegen  0.11/turn              (no ring)
MPRegen  0.13/turn              (no ring)

@: held
A: no food or potions, fire vulnerability, cold resistance 1, negative energy
resistance 3, torment resistance, unbreathing
a: Renounce Religion


You were on level 4 of the Dungeon.
You worshipped Sif Muna.
Sif Muna was noncommittal.
You were not hungry.

You visited 1 branch of the dungeon, and saw 4 of its levels.

You collected 222 gold pieces.

Inventory:

Hand Weapons
 e - the +6 flail "Zuc Lyrgh" (weapon) {crush, rN+ Int+3 Stlth-}
   (You found it on level 4 of the Dungeon)

   It inflicts extra damage upon your enemies.
   It affects your intelligence (+3).
   It protects you from negative energy.
   It makes you less stealthy.
Missiles
 d - a throwing net (quivered)
Armour
 a - a +0 robe (worn)
 g - a +0 helmet (worn)
 j - a +0 pair of gloves (worn)
Jewellery
 i - an uncursed ring of ice {unknown}
Scrolls
 b - 7 scrolls of teleportation {!r, unknown}
 c - 3 scrolls of magic mapping {!r, unknown}
 f - 2 scrolls of fear {!r, unknown}
 h - 3 scrolls of identify {!r, unknown}
 k - a scroll of remove curse {!r, unknown}


   Skills:
 - Level 1.5 Dodging
 - Level 1.5 Stealth
 + Level 5.1 Spellcasting
 * Level 5.2 Conjurations


You had 6 spell levels left.
You knew the following spells:

 Your Spells              Type           Power        Failure   Level  Hunger
a - Searing Ray           Conj           ###...       2%          2    N/A
b - Summon Small Mammal   Summ           #...         13%         1    N/A
c - Magic Dart            Conj           ###.         1%          1    N/A
d - Iskenderun's Mystic   Conj           ###.....     16%         4    N/A

Dungeon Overview and Level Annotations

Branches:
Dungeon (4/15)
 Temple: D:4-7

Altars:
Gozag
Ru
Sif Muna
Wu Jian
Yredelemnul

Annotations:
D:4 Nuz's ghost, amateur MfSk


Innate Abilities, Weirdness & Mutations

You do not eat or drink.
Your flesh is vulnerable to fire.
You are immune to poison.
Your flesh is cold resistant. (rC+)
You are immune to negative energy. (rN+++)
You are immune to unholy pain and torment.
You can survive without breathing.


Message History

Confirm with . or Enter, or press ? or * to list all spells.
Aiming: Searing Ray (safe; 2% risk of failure)
Press: ? - help, Shift-Dir - straight line, f - gnoll
Aim: a gnoll, wielding a halberd of protection The searing ray hits the gnoll. (Press . to maintain the ray.)
The shadow imp shouts, "Return whence thou came, thou mangled shard-borne bundle of gauze!"
The searing ray hits the gnoll.
The gnoll is heavily wounded.
The searing ray hits the gnoll.
The gnoll is almost dead.
The gnoll closely misses you.
The searing ray misses the gnoll.
The searing ray hits the shadow imp.
You kill the shadow imp!
Sif Muna accepts your kill.
You finish channeling your searing ray.
The gnoll hits you from afar with a halberd of protection!
Casting: Searing Ray (safe; 2% risk of failure)
Confirm with . or Enter, or press ? or * to list all spells.
Aiming: Searing Ray (safe; 2% risk of failure)
Press: ? - help, Shift-Dir - straight line, f/p - gnoll
Aim: a gnoll, wielding a halberd of protection (almost dead)
The searing ray hits the gnoll.
The gnoll is almost dead. (Press . to maintain the ray.)
The gnoll barely misses you.
A gnoll shaman comes into view. It is wielding a whip.
The searing ray hits the gnoll.
You kill the gnoll!
Sif Muna accepts your kill.
Your Spellcasting skill increases to level 5!
The gnoll shaman shouts!
A gnoll comes into view. It is wielding a club.
You finish channeling your searing ray.
The gnoll shouts!
Casting: Searing Ray (safe; 2% risk of failure)
Confirm with . or Enter, or press ? or * to list all spells.
Aiming: Searing Ray (safe; 2% risk of failure)
Press: ? - help, Shift-Dir - straight line, f - gnoll shaman
Aim: a gnoll shaman, wielding a whip and wearing a robe The searing ray hits the gnoll shaman.
The gnoll shaman is moderately wounded. (Press . to maintain the ray.)
A gnoll comes into view. It is wielding a halberd of distortion.
The searing ray hits the gnoll shaman.
The gnoll shaman is heavily wounded.
The gnoll shouts!
The gnoll shaman completely misses you.
Without enough magic to sustain it, your searing ray dissipates.
The gnoll shaman invokes the aid of its god against you.
You resist with some effort.
You sock the gnoll shaman!
You kill the gnoll shaman!
Sif Muna accepts your kill.
The gnoll throws a throwing net.
The throwing net hits you.
You become entangled in the net!
You struggle against the net.
The gnoll hits you with a club.
You struggle against the net.
The gnoll hits you from afar with a halberd of distortion!
* * * LOW HITPOINT WARNING * * *
Space warps horribly around you!
* * * LOW HITPOINT WARNING * * *
You struggle against the net.
The gnoll hits you with a club.
You die...

#................#
#.....#..........#
#.....#.........##
#.....#.........#
..#####.........#
#. #.........#
#.........#
.#########.#####
.....gg@...#
.###########


You could see 2 gnolls.

Vanquished Creatures
  A hound (D:3)
  A gnoll shaman (D:4)
  An iguana (D:4)
  2 worker ants (D:4)
  A hound skeleton (D:4)
  A gnoll (D:4)
  2 adders (D:3)
  A shadow imp (D:4)
  3 dart slugs
  2 leopard geckos (D:3)
  An orc (D:3)
  5 giant cockroaches
  7 goblins
  10 hobgoblins
  9 jackals
  9 kobolds
  2 ball pythons
  5 bats
  4 frilled lizards
  7 rats
74 creatures vanquished.

Notes
Turn   | Place    | Note
-------+----------+-------------------------------------------
     0 | D:1      | Amnesiac the Mummy Conjurer began the quest for the Orb.
     0 | D:1      | Reached XP level 1. HP: 13/13 MP: 4/4
   127 | D:2      | Found an ornate altar of the Wu Jian Council.
   278 | D:2      | Reached XP level 2. HP: 6/19 MP: 0/6
   448 | D:2      | Learned a level 2 spell: Searing Ray
   549 | D:2      | Found a basalt altar of Yredelemnul.
   568 | D:3      | Learned a level 1 spell: Summon Small Mammal
   619 | D:3      | Reached XP level 3. HP: 4/24 MP: 2/8
  1138 | D:3      | Reached XP level 4. HP: 30/30 MP: 2/10
  1410 | D:4      | Got a pitted flail
  1411 | D:4      | Identified the +6 flail "Zuc Lyrgh" {crush, rN+ Int+3 Stlth-} (You found it on level 4 of the Dungeon)
  1734 | D:4      | Reached XP level 5. HP: 27/35 MP: 8/11
  1741 | D:4      | Found a deep blue altar of Sif Muna.
  1744 | D:4      | Became a worshipper of Sif Muna the Loreminder
  2382 | D:2      | Found an opulent altar of Gozag.
  2426 | D:2      | Found a sacrificial altar of Ru.
  2840 | D:3      | Learned a level 4 spell: Iskenderun's Mystic Blast
  3146 | D:4      | Reached skill level 5 in Conjurations
  3256 | D:4      | Noticed Nuz's ghost (amateur MfSk)
  3533 | D:4      | Reached skill level 5 in Spellcasting
  3542 | D:4      | HP: 1/35 [gnoll/halberd of distortion (9)]
  3543 | D:4      | Slain by a gnoll

Vault maps used:
D:1:      doesnt_arrival_eight_statues
D:2:      overflow_temple_1_default, yredelemnul_altar_generic,
          nicolae_overflow_crystal_walls, grunt_ministairs_11,
          hangedman_ru_absence
D:3:      minmay_misc_feat_encased, serial_bayou_ford_a
D:4:      kennysheep_mini_moat, first_ration

Skill      XL: |  1  2  3  4  5 |
---------------+----------------+-----
Spellcasting   | 3 4 5 |  5.1
Conjurations   | 4 5 |  5.2
Dodging        | |  1.5
Stealth        | |  1.5

Action                   |  1- 3 |  4- 6 || total
-------------------------+-------+-------++-------
Melee: Unarmed           |     6 |     1 ||     7
       Flail             |       |    73 ||    73
 Cast: Magic Dart        |    23 |       ||    23
       Searing Ray       |     9 |    15 ||    24
       Iskenderun's Myst |       |     1 ||     1
Armor: Robe              |     6 |    14 ||    20
Dodge: Dodged            |    13 |    60 ||    73

Table legend:
 A = Spawn XP
 B = Non-spawn XP
 C = Spawn XP percentage of total XP
 D = Spawn monster count
 E = Non-spawn monster count
 F = Spawn count percentage of total count
 G = Total turns spent on level
                    A         B        C        D         E        F      G
               +---------+---------+-------+---------+---------+-------+---------
         Total |       0 |     374 |   0.0 |       0 |      74 |   0.0 |  3543
               +---------+---------+-------+---------+---------+-------+---------
           D:1 |       0 |      45 |   0.0 |       0 |      29 |   0.0 |   658
           D:2 |       0 |      27 |   0.0 |       0 |      15 |   0.0 |  1115
           D:3 |       0 |      97 |   0.0 |       0 |      15 |   0.0 |   979
           D:4 |       0 |     205 |   0.0 |       0 |      15 |   0.0 |   791
               +---------+---------+-------+---------+---------+-------+---------
